 Dungeon Crawl Stone Soup version 0.28-a0-861-ge64d6db94f (webtiles) character file.

Game seed: 16986085702338706910

3 croobank the Caller (level 1, 0/7 HPs)
             Began as a Felid Summoner on Nov 15, 2021.
             Slain by a jackal (3 damage)
             ... on level 1 of the Dungeon.
             The game lasted 00:04:12 (160 turns).

croobank the Caller (Felid Summoner)                 Turns: 160, Time: 00:04:13

Health: 0/7        AC:  1    Str:  4    XL:     1   Next: 41%
Magic:  1/4        EV: 17    Int: 16    God:
Gold:   0          SH:  0    Dex: 16    Spells: 3/4 levels left
                                        Lives:  0   Deaths: 0

rFire   . . .      SeeInvis +   (weapon unavailable)
rCold   . . .      Faith    .   (shield unavailable)
rNeg    . . .      Spirit   .   (armour unavailable)
rPois   .          Reflect  .   (helmet unavailable)
rElec   .          Harm     .   (cloak unavailable)
rCorr   .          Rampage  .   (gloves unavailable)
Will    .....                   (boots unavailable)
Stlth   ++........              (no amulet)
HPRegen 0.02/turn               (no ring)
MPRegen 0.09/turn               (no ring)

@: quick
A: very small, claws 1, fangs 3, see invisible, speed 1, shaggy fur 1, stealthy
paws, no weapons or thrown items, no armour, multi-lived
a: no special abilities


You were on level 1 of the Dungeon.
You visited 1 branch of the dungeon, and saw 2 of its levels.

You aren't carrying anything.


   Skills:
 + Level 2.8 Dodging
 + Level 2.7 Stealth
 + Level 2.0 Spellcasting
 + Level 4.1 Summonings


You had 3 spell levels left.
You knew the following spells:

 Your Spells              Type           Power      Damage    Failure   Level
a - Summon Small Mammal   Summ           56%        N/A       3%          1

Your spell library contained the following spells:

 Spells                   Type           Power      Damage    Failure   Level
 Call Imp                 Summ           14%        N/A       6%          2
 Call Canine Familiar     Summ           14%        N/A       12%         3
 Summon Guardian Golem    Hex/Summ       8%         N/A       26%         3
 Summon Lightning Spire   Summ/Air       8%         N/A       65%         4


Dungeon Overview and Level Annotations

Branches:
Dungeon (2/15)

Altars:


Innate Abilities, Weirdness & Mutations

You have sharp claws.
You have razor-sharp teeth.
You have supernaturally acute eyesight. (SInv)
You cover ground quickly. (Speed+)
You are covered in fur. (AC +1)
Your paws help you pounce on unaware monsters.
You are incapable of wielding weapons or throwing items.
You cannot wear armour.
You gain extra lives every three experience levels.


Message History

The jackal misses your quokka.
Your quokka bites the jackal.
The rat barely misses your quokka. The jackal barely misses you.
The jackal bites your quokka.
Your quokka bites the jackal but does no damage.
The rat bites your quokka.
Casting: Summon Small Mammal (safe; 4% risk of failure)
Press: ? - help, Q - select action Dir - look around, f - activate Your quokka bites the rat.
The rat dies!
The jackal bites you but does no damage.
Your quokka misses the jackal. The rat barely misses your quokka.
You swap places.
Your rat barely misses the jackal.
Your rat barely misses the jackal.
Something barely misses your rat. The jackal closely misses you.
You closely miss the jackal. Something bites your rat.
The jackal bites you but does no damage.
Your rat bites the jackal.
You scratch the jackal.
The jackal is heavily wounded.
The jackal bites you but does no damage.
Something closely misses your rat.
Your rat bites the jackal.
The jackal dies!
The jackal barely misses your rat. The jackal closely misses your rat.
The jackal barely misses your rat.
The jackal bites your rat but does no damage.
The rat bites your quokka. The jackal bites your rat.
Your rat dies!
Your rat's corpse disappears in a puff of smoke!
Your quokka bites the jackal.
The rat barely misses your quokka.
You closely miss the jackal.
The jackal is moderately wounded.
Your quokka misses the jackal. The jackal closely misses you.
The rat closely misses your quokka.
Your quokka bites the jackal.
You closely miss the jackal.
The jackal is severely wounded.
The jackal bites you.
You die...

..#.#.# #..# ..#.#r#
#..### ### ..#.#.#
#.... #.# .##.#r###..#
#.#
###.#.##...#####.#####
....#.##†...r..r.....#
..........r.....r....#
....#.##..######h#####
......##..######@#
.................#
...........#####.#
.#.....#...# #.#
.#.....#.... ..#
.........### #.# ...
..# .#


You could see a jackal (ally target), a rat and a friendly quokka (summoned).

Vanquished Creatures (collateral kills)
  An endoplasm (D:1)
  A jackal (D:1)
  A rat (D:1)
3 creatures vanquished.

Notes
Turn   | Place    | Note
-------+----------+-------------------------------------------
     0 | D:1      | croobank the Felid Summoner began the quest for the Orb.
     0 | D:1      | Reached XP level 1. HP: 7/7 MP: 4/4
   160 | D:1      | Slain by a jackal

Illustrated notes

Levels and vault maps discovered:
D:1:      dpeg_arrival_three_same_balls, layout_basic, kennysheep_minor_cross,
          kennysheep_decorative_pillar, roderic_roman_lattice,
          nicolae_grassy_gnolls
D:2:      layout_basic, chequers_ecumenical_altar_simple,
          chequers_serial_rivers_small_3, minmay_misc_feat_cross, uniq_robin

Action                   || total
-------------------------++-------
Melee: Unarmed           ||     9
       Bite              ||     1
 Cast: Summon Small Mamm ||    10
  Use: Potion            ||     1
Armor: Skin              ||     4
Dodge: Dodged            ||    20

Table legend: (Time is in decaauts)
 A = Elapsed time spent in this place.
 B = Non-inter-level travel time spent in this place.
 C = Inter-level travel time spent in this place.
 D = Time resting spent in this place.
 E = Time spent auto-exploring this place.
 F = Levels seen in this place.
 G = Mean time per level.
                   A        B        C        D        E       F      G
               +--------+--------+--------+--------+--------+-----+--------+
         Total |    133 |    133 |      0 |      0 |     35 |   2 |   66.5 |
       Dungeon |    133 |    133 |      0 |      0 |     35 |   2 |   66.5 |
               +--------+--------+--------+--------+--------+-----+--------+

Top non-repeatable levels by time:
     D:1: 132 daAuts
     D:2: 1 daAuts
